 Dungeon Crawl Stone Soup version 0.30-a0-170-g85af917532 (webtiles) character file.

Game seed: 5740588418964842806

2 LnG the Caller (level 1, -1/10 HPs)
             Began as a Kobold Summoner on Sept 30, 2022.
             Slain by a hobgoblin (2 damage)
             ... on level 1 of the Dungeon.
             The game lasted 00:00:36 (119 turns).

LnG the Caller (Kobold Summoner)                     Turns: 119, Time: 00:00:37

Health: -1/10      AC:  2    Str:  5    XL:     1   Next: 33%
Magic:  1/3        EV: 15    Int: 16    God:
Gold:   67         SH:  0    Dex: 15    Spells: 3/4 levels left

rFire   . . .      SeeInvis .    (weapon restricted)
rCold   . . .      Faith    .    (no shield)
rNeg    . . .      Spirit   .    a - +0 robe
rPois   .          Reflect  .    (no helmet)
rElec   .          Harm     .    (no cloak)
rCorr   .          Rampage  .    (no gloves)
Will    .....                    (no boots)
Stlth   +++.......               (no amulet)
HPRegen 0.03/turn                (no ring)
MPRegen 0.08/turn                (no ring)

@: no status effects
A: small, no large weapons, nightstalker 3
a: no special abilities


You were on level 1 of the Dungeon.
You visited 1 branch of the dungeon, and saw 1 of its levels.

You collected 67 gold pieces.

Inventory:

Armour
 a - a +0 robe (worn)
Potions
 b - a potion of magic


   Skills:
 + Level 2.4 Dodging
 + Level 2.7 Stealth
 + Level 2.2 Spellcasting
 + Level 4.1 Summonings


You had 3 spell levels left.
You knew the following spells:

 Your Spells              Type           Power      Damage    Failure   Level
a - Summon Small Mammal   Summ           56%        N/A       3%          1

Your spell library contained the following spells:

 Spells                   Type           Power      Damage    Failure   Level
 Call Imp                 Summ           14%        N/A       6%          2
 Call Canine Familiar     Summ           14%        N/A       12%         3
 Summon Guardian Golem    Hex/Summ       8%         N/A       26%         3
 Summon Lightning Spire   Summ/Air       8%         N/A       65%         4


Dungeon Overview and Level Annotations

Branches:
Dungeon (1/15)

Altars:


Innate Abilities, Weirdness & Mutations

You are small and have problems with some larger weapons.
You are completely attuned to the shadows.


Message History

Your quokka misses the kobold.
The kobold hits your quokka with a +0 dagger.
Your quokka dies!
Your quokka's corpse disappears in a puff of smoke!
Casting: Summon Small Mammal (safe; 3% risk of failure)
Confirm with . or Enter, or press ? or * to list all spells.
A hobgoblin comes into view.
The kobold hits your rat but does no damage.
Your bat misses the kobold.
Your bat hits the kobold but does no damage.
The kobold hits your rat with a +0 dagger.
Your rat dies!
Your rat's corpse disappears in a puff of smoke!
Your bat hits the kobold but does no damage.
Your bat hits the kobold but does no damage.
Casting: Summon Small Mammal (safe; 3% risk of failure)
Confirm with . or Enter, or press ? or * to list all spells.
Your bat disappears in a puff of smoke!
The kobold barely misses you.
Your quokka bites the hobgoblin but does no damage.
The hobgoblin hits you. The kobold hits you with a +0 dagger.
* * * LOW HITPOINT WARNING * * *
The kobold attacks as you move away! The kobold barely misses you.
Your quokka bites the hobgoblin.
The hobgoblin misses you.
The kobold hits your quokka with a +0 dagger.
Your quokka bites the hobgoblin.
The kobold hits your quokka with a +0 dagger.
Your quokka dies!
Your quokka's corpse disappears in a puff of smoke!
The hobgoblin closely misses you. The hobgoblin attacks as you move away!
The hobgoblin misses you.
Found a scroll labelled UDU GITYMUFIM.
Found a club.
A hobgoblin comes into view.
The hobgoblin shouts!
The hobgoblin attacks as you move away! The hobgoblin barely misses you.
Found a scroll labelled KOMACI VOEN.
The hobgoblin attacks as you move away! The hobgoblin barely misses you.
The hobgoblin attacks as you move away! The hobgoblin hits you.
You die...

#.# #?#.... #.#.....
#####)#...~. ###
....@g.g.... #.###
######..........
##..### ##K........
##...### #.#.......
##....### #.#...†...
##.....### #...†.....
##......####.....##..
##.......##.....##
##......##......#


You could see 2 hobgoblins and a kobold.

Vanquished Creatures (collateral kills)
  A quokka (D:1)
  A frilled lizard (D:1)
2 creatures vanquished.

Notes
Turn   | Place    | Note
-------+----------+-------------------------------------------
     0 | D:1      | LnG the Kobold Summoner began the quest for the Orb.
     0 | D:1      | Reached XP level 1. HP: 10/10 MP: 3/3
   119 | D:1      | Slain by a hobgoblin

Illustrated notes

Levels and vault maps discovered:
D:1:      minmay_arrival_pointy, layout_basic, serial_curves, eino_curves_03,
          eino_curves_04, eino_curves_01, skrybe_limestone_x,
          amcnicky_mini_rare_corridor_liquid

Action                   || total
-------------------------++-------
Melee: Unarmed           ||     2
 Cast: Summon Small Mamm ||     5
Dodge: Dodged            ||    10

Table legend: (Time is in decaauts)
 A = Elapsed time spent in this place.
 B = Non-inter-level travel time spent in this place.
 C = Inter-level travel time spent in this place.
 D = Time resting spent in this place.
 E = Time spent auto-exploring this place.
 F = Levels seen in this place.
 G = Mean time per level.
                   A        B        C        D        E       F      G
               +--------+--------+--------+--------+--------+-----+--------+
         Total |    119 |    119 |      0 |      0 |     79 |   1 |  119.0 |
       Dungeon |    119 |    119 |      0 |      0 |     79 |   1 |  119.0 |
               +--------+--------+--------+--------+--------+-----+--------+

Top non-repeatable levels by time:
     D:1: 119 daAuts
